Map: Thunderbird LE

Players

BluE - Winner!

  • Race: Protoss Protoss
  • Spawn Location: 11:00

VitamiN

  • Race: Zerg Zerg
  • Spawn Location: 5:00

Event: 2019 WCS Summer

VOD

Have the link to the VOD?

Description

Time

  • Played on: July 12, 2019, 7:18 a.m.
  • Length: 8:14

All games in this series

Show
View Real Time Build Order
Export as new Build Order

BluE Protoss - Winner!

Build Orders: 1 Gate Expand, Oracle Opening, Zealot Archon, Archon Drop 

Get SALT Encoding   

  12  0:00  Probe  
  13  0:13  Probe  
  14  0:19  Pylon  
  14  0:24  Probe  
  15  0:33  Probe  
  15  0:38  Gateway  
  15  0:42  Probe  
  16  0:46  Assimilator  
  17  0:53  Probe  
  18  1:05  Probe  
  19  1:17  Probe  
  20  1:25  Nexus  
  20  1:37  Cybernetics Core  
  20  1:39  Probe  
  21  1:46  Assimilator  
  21  1:51  Probe  
  21  1:53  Pylon  
  22  2:03  Probe, Adept  
  23  2:14  Probe  
  26  2:18  Stargate  
  26  2:22  Probe  
  26  2:24  Adept  
  26  2:29  Warp Gate  
  27  2:30  Probe  
  30  2:38  Probe  
  30  2:43  Pylon  
  31  2:47  Probe  
  31  2:52  Probe  
  31  2:54  Oracle  
  34  2:59  Probe  
  34  3:04  Probe  
  39  3:11  Probe  
  40  3:13  Pylon  
  40  3:16  Stalker, Probe  
  41  3:23  Probe  
  42  3:28  Probe  
  43  3:35  Probe  
  43  3:40  Probe  
  45  3:48  Probe  
  46  3:51  Assimilator  
  46  3:52  Probe  
  46  3:54  Assimilator  
  43  3:57  Robotics Facility  
  43  3:58  Twilight Council  
  43  4:00  Probe  
  44  4:04  Probe, Pylon  
  45  4:12  Probe  
  45  4:16  Probe, Adept  
  49  4:21  Gateway  
  49  4:24  Probe  
  49  4:26  Gateway  
  49  4:28  Probe  
  49  4:29  Gateway  
  51  4:32  Pylon  
  51  4:34  Warp Prism  
  51  4:36  Probe  
  52  4:41  Templar Archives  
  52  4:42  Pylon  
  54  4:47  Probe  
  54  4:52  Adept  
  57  5:01  Pylon  
  57  5:09  Nexus  
  57  5:10  Probe x2  
  57  5:13  Observer  
  60  5:22  Probe x2  
  60  5:25  Forge  
  62  5:30  High Templar x4, Pylon  
  62  5:31  Immortal  
  62  5:34  Probe x2, Archon x2  
  76  5:45  Protoss Ground Weapons Level 1  
  76  5:46  Probe  
  76  5:47  Probe  
  78  5:58  Probe  
  78  6:03  Sentry  
  81  6:11  Immortal  
  85  6:12  Charge  
  85  6:15  Probe  
  85  6:16  Probe  
  86  6:23  Probe  
  87  6:25  Gateway  
  87  6:27  Gateway  
  87  6:32  Probe  
  88  6:33  Pylon  
  88  6:35  Gateway  
  88  6:37  Gateway  
  88  6:44  Observer  
  88  6:45  Probe x2  
  88  6:46  Zealot x2  
  88  6:47  Zealot x2  
  96  6:49  Pylon  
  99  6:55  Probe  
  99  6:56  Pylon  
  99  6:57  Assimilator, Probe  
  99  6:58  Probe  
  102  7:01  Assimilator  
  102  7:07  Probe, High Templar x2  
  102  7:08  Zealot x2  
  111  7:10  Probe x2  
  111  7:12  Pylon  
  111  7:15  Archon  
  113  7:16  Immortal  
  113  7:20  Pylon  
  113  7:22  Zealot x2  
  121  7:28  Pylon x2  
  121  7:29  Zealot  
  123  7:45  High Templar x4  
  123  7:46  Zealot x3  
  123  7:49  Archon  
  123  7:50  Archon  
  137  7:52  Pylon  
  137  8:07  Nexus, Pylon  
  137  8:10  Zealot  
  137  8:11  Zealot x3  
Show
View Real Time Build Order
Export as new Build Order

VitamiN Zerg 

Build Orders: Hatch First 

Get SALT Encoding   

  12  0:01  Drone  
  13  0:12  Overlord  
  13  0:19  Drone  
  14  0:32  Drone x2  
  16  0:50  Hatchery  
  16  0:52  Drone  
  16  0:58  Drone  
  16  0:59  Drone  
  18  1:12  Extractor  
  18  1:15  Spawning Pool  
  16  1:18  Drone  
  16  1:22  Drone  
  18  1:31  Drone  
  19  1:40  Drone  
  20  1:50  Drone  
  21  2:02  Queen  
  21  2:03  Queen  
  21  2:04  Zergling x4  
  27  2:13  Overlord  
  27  2:19  Metabolic Boost  
  27  2:20  Drone  
  28  2:35  Hatchery  
  27  2:37  Drone x2  
  29  2:49  Drone  
  29  2:50  Queen  
  32  2:54  Overlord  
  32  2:59  Zergling x2  
  32  3:00  Zergling x2  
  32  3:02  Drone  
  35  3:09  Spore Crawler  
  35  3:10  Spore Crawler  
  33  3:17  Overlord  
  33  3:23  Drone  
  33  3:24  Drone x3  
  29  3:49  Drone x3  
  29  3:50  Drone x4  
  36  3:57  Queen  
  38  4:07  Drone x2  
  38  4:09  Lair  
  40  4:14  Drone x4  
  44  4:27  Overlord  
  44  4:29  Spore Crawler  
  44  4:30  Extractor  
  42  4:34  Drone x3  
  45  4:41  Drone x4, Baneling Nest  
  45  4:43  Drone  
  49  4:52  Drone  
  50  4:53  Overlord x2  
  50  4:57  Zergling x4  
  50  4:58  Zergling x2  
  53  5:12  Drone  
  54  5:16  Drone, Extractor  
  54  5:17  Drone x2  
  56  5:21  Drone  
  56  5:22  Drone x8  
  65  5:33  Hydralisk Den  
  64  5:36  Baneling x6  
  64  5:42  Overlord x2  
  64  5:51  Drone x3  
  64  5:53  Drone x2, Extractor  
  64  5:54  Drone  
  64  5:55  Drone x4  
  73  6:04  Zergling x10  
  68  6:26  Zergling x6  
  68  6:28  Zergling x12  
  72  6:46  Queen  
  73  6:51  Drone x7  
  80  7:03  Evolution Chamber  
  79  7:12  Overlord x4  
  79  7:14  Drone, Hatchery  
  79  7:17  Drone  
  79  7:20  Extractor  
  79  7:21  Drone, Extractor  
  79  7:26  Drone x2  
  79  7:28  Overlord x2  
  79  7:29  Overlord  
  81  7:36  Baneling x12  
  81  7:37  Baneling x3  
  81  7:38  Zergling x12  
  81  7:43  Zergling x2  
  104  7:59  Baneling x2  
Tags
 
Add a new tag
Caveats
  • Supply blocks, unpowered buildings, or Contaminate may cause inaccurate times.
  • Supply counts are checked every 10 seconds.